Map: Nephor I

Players

Mørtebianca - Winner!

  • Race: Zerg Zerg
  • League: Diamond
  • Spawn Location: 1:00

Space - Winner!

  • Race: Terran Terran
  • League: Diamond
  • Spawn Location: 12:00

Jhyrachy - Winner!

  • Race: Zerg Zerg
  • League: Silver
  • Spawn Location: 1:00

Phenicks

  • Race: Protoss Protoss
  • Spawn Location: 6:00

Titech

  • Race: Terran Terran
  • Spawn Location: 7:00

PaulBismuth

  • Race: Protoss Protoss
  • Spawn Location: 7:00

VOD

Have the link to the VOD?

Description

Time

  • Played on: Dec. 9, 2015, 4:02 p.m.
  • Length: 5:52
Show
View Real Time Build Order
Export as new Build Order

Mørtebianca Zerg - Winner!

Build Orders: Pool First 

Get SALT Encoding   

  12  0:02  Drone  
  13  0:08  Drone  
  14  0:15  Extractor  
  14  0:19  Drone  
  14  0:36  Spawning Pool  
  14  0:39  Drone  
  14  0:47  Overlord  
  14  1:10  Overlord  
  14  1:23  Metabolic Boost  
  14  1:24  Queen  
  16  1:29  Zergling x2  
  17  1:34  Zergling x2  
  17  1:38  Zergling x2  
  19  1:49  Baneling Nest  
  19  1:53  Drone  
  19  1:58  Zergling x2  
  20  2:07  Zergling x2  
  21  2:13  Zergling x2  
  22  2:28  Zergling x2  
  23  2:34  Zergling x6  
  23  2:36  Zergling x2  
  25  2:54  Zergling x2  
  25  3:00  Zergling x2  
  26  3:19  Zergling x6  
  29  3:26  Zergling x2  
  29  3:40  Zergling x2  
  30  3:41  Overlord  
  30  3:42  Overlord  
  30  3:56  Overlord  
  28  4:18  Zergling x2  
  28  4:19  Zergling x10  
  34  4:46  Zergling x4  
  35  4:59  Zergling x2  
  33  5:07  Zergling x2  
  33  5:17  Zergling x2  
  34  5:22  Zergling x2  
  34  5:23  Zergling x4  
  37  5:34  Zergling x2  
  36  5:47  Hatchery  
Show
View Real Time Build Order
Export as new Build Order

Space Terran - Winner!

Build Orders: Reaper Expand 

Get SALT Encoding   

  12  0:01  SCV  
  13  0:13  SCV  
  14  0:25  SCV  
  14  0:27  Supply Depot  
  15  0:46  Supply Depot  
  15  0:49  SCV, Barracks  
  16  0:53  Refinery  
  16  1:01  SCV  
  17  1:13  SCV  
  18  1:25  SCV  
  19  1:34  Command Center  
  19  1:39  Orbital Command  
  19  1:43  Reaper  
  20  2:01  Supply Depot  
  20  2:06  SCV  
  21  2:13  Factory  
  21  2:18  SCV  
  22  2:30  SCV  
  22  2:31  Barracks Reactor  
  23  2:42  SCV  
  24  2:59  Widow Mine  
  24  3:01  SCV  
  24  3:02  Refinery  
  24  3:03  Orbital Command  
  27  3:13  Barracks  
  27  3:20  Starport  
  27  3:24  Marine  
  27  3:26  Barracks  
  28  3:36  Marine  
  28  3:43  SCV x2  
  28  3:47  Widow Mine  
  32  3:51  Marine  
  32  3:53  Marine  
  32  3:55  SCV x2  
  36  3:59  Supply Depot, Medivac  
  38  4:07  Barracks Reactor, SCV  
  38  4:09  Marine  
  40  4:10  SCV  
  40  4:11  Marine  
  42  4:19  SCV  
  42  4:21  Barracks Tech Lab  
  42  4:22  SCV  
  44  4:26  Marine  
  44  4:27  Barracks  
  44  4:28  Barracks  
  44  4:29  Starport Reactor  
  45  4:31  SCV  
  45  4:34  SCV  
  47  4:43  SCV  
  47  4:44  Factory Reactor  
  48  4:46  SCV  
  48  4:48  Supply Depot  
  48  4:50  Refinery, Supply Depot  
  48  4:52  Refinery  
  49  4:55  SCV  
  49  4:58  SCV  
  51  5:08  SCV  
  51  5:10  SCV  
  53  5:14  Marine x3  
  53  5:16  Barracks Tech Lab x2  
  53  5:17  Marine  
  53  5:18  Marauder  
  53  5:19  Medivac  
  53  5:20  SCV  
  62  5:32  Marine x3  
Show
View Real Time Build Order
Export as new Build Order

Jhyrachy Zerg - Winner!

Build Orders: Hatch First 

Get SALT Encoding   

  12  0:02  Drone  
  13  0:09  Drone  
  14  0:25  Extractor  
  14  0:26  Extractor  
  14  0:27  Drone x2  
  16  0:47  Hatchery  
  15  0:53  Overlord  
  15  1:11  Drone x3  
  15  1:17  Extractor  
  17  1:27  Spawning Pool  
  17  1:31  Drone  
  17  1:40  Drone  
  17  1:46  Drone  
  19  1:59  Drone  
  20  2:06  Drone  
  21  2:15  Queen x2  
  25  2:22  Roach Warren  
  24  2:29  Extractor  
  23  2:30  Drone  
  23  2:31  Drone x2  
  26  2:45  Drone x2  
  26  2:47  Overlord x2  
  28  3:10  Roach x4  
  36  3:21  Drone  
  37  3:34  Overlord x2  
  37  3:35  Roach  
  37  3:36  Roach x2  
  43  3:57  Roach x5  
  49  4:26  Lair  
  47  4:31  Queen  
  47  4:33  Drone x3  
  47  4:35  Drone  
  47  4:38  Drone  
  52  5:03  Drone x4  
  52  5:04  Drone  
  52  5:06  Overlord  
  52  5:07  Overlord x3  
  45  5:30  Hydralisk Den  
Show
View Real Time Build Order
Export as new Build Order

Phenicks Protoss 

Build Orders: 1 Gate Expand 

Get SALT Encoding   

  12  0:01  Probe (Chrono Boost)  
  13  0:12  Probe (Chrono Boost)  
  14  0:20  Pylon  
  14  0:22  Probe (Chrono Boost)  
  15  0:35  Assimilator  
  15  0:38  Probe (Chrono Boost)  
  16  0:46  Gateway  
  16  0:49  Probe (Chrono Boost)  
  17  1:00  Probe (Chrono Boost)  
  18  1:05  Assimilator  
  18  1:10  Probe (Chrono Boost)  
  19  1:21  Probe (Chrono Boost)  
  20  1:31  Probe (Chrono Boost)  
  21  1:42  Probe (Chrono Boost), Nexus  
  22  1:53  Cybernetics Core  
  22  2:07  Forge  
  23  2:08  Probe (Chrono Boost)  
  23  2:21  Gateway  
  23  2:25  Pylon  
  23  2:29  Warp Gate  
  22  3:02  Zealot (Chrono Boost)  
  6  3:22  Probe  
  2  3:34  Probe  
  1  3:49  Probe  
  1  4:33  Probe  
  1  4:55  Probe  
Show
View Real Time Build Order
Export as new Build Order

Titech Terran 

Build Orders:  

Get SALT Encoding   

  12  0:03  SCV  
  13  0:15  SCV  
  13  0:21  Supply Depot  
  14  0:28  SCV  
  16  0:42  SCV  
  16  0:47  Barracks  
  16  0:58  Barracks  
  16  0:59  SCV  
  17  1:11  SCV  
  18  1:21  Supply Depot  
  18  1:23  SCV  
  18  1:25  Refinery  
  19  1:38  Orbital Command  
  19  1:43  Marine  
  20  1:48  Marine  
  21  2:06  Command Center  
  21  2:11  Marine  
  21  2:12  Marine  
  23  2:17  SCV  
  23  2:37  Marine  
  23  2:38  Marine  
  23  2:39  SCV  
  23  2:41  Refinery  
  26  2:52  SCV  
  26  2:55  Marine x2  
  26  2:59  Barracks  
  26  3:10  Bunker  
  26  3:13  Bunker  
  22  3:20  Marine x2  
  22  3:36  Barracks  
  22  3:42  Marine x2  
  22  3:47  Marine  
  25  3:55  Factory  
  25  4:07  Marine x2  
  25  4:08  Marine  
  11  4:29  Marine x3  
  11  4:30  Marine  
  11  4:40  SCV  
  12  4:47  SCV  
  12  4:49  Marine x2  
  12  4:51  Marine  
  17  4:52  SCV  
  17  4:59  SCV  
  13  5:00  Marine  
  13  5:05  SCV  
  15  5:14  Marine  
  10  5:15  Marine  
Show
View Real Time Build Order
Export as new Build Order

PaulBismuth Protoss 

Build Orders:  

Get SALT Encoding   

  12  0:02  Probe (Chrono Boost)  
  13  0:12  Probe (Chrono Boost)  
  14  0:22  Pylon  
  14  0:23  Probe (Chrono Boost)  
  15  0:40  Probe (Chrono Boost)  
  16  0:42  Gateway  
  16  0:48  Assimilator  
  16  0:50  Probe (Chrono Boost)  
  17  1:01  Probe (Chrono Boost)  
  17  1:02  Assimilator  
  18  1:11  Probe (Chrono Boost)  
  19  1:18  Pylon  
  19  1:23  Probe (Chrono Boost)  
  20  1:34  Cybernetics Core  
  20  1:37  Probe (Chrono Boost)  
  21  1:47  Probe (Chrono Boost)  
  22  2:02  Forge  
  22  2:05  Pylon  
  22  2:06  Probe (Chrono Boost)  
  23  2:16  Probe (Chrono Boost)  
  23  2:18  Stargate  
  23  2:22  Stargate  
  24  2:39  Photon Cannon  
  24  2:42  Photon Cannon  
  24  2:50  Pylon  
  24  2:53  Stalker (Chrono Boost)  
  26  3:08  Void Ray  
  28  4:10  Void Ray  
  28  4:11  Void Ray  
  36  4:23  Stalker (Chrono Boost)  
  38  4:49  Stalker (Chrono Boost)  
  40  4:53  Void Ray  
Tags
 
Add a new tag
Caveats
  • Supply blocks, unpowered buildings, or Contaminate may cause inaccurate times.
  • Supply counts are checked every 10 seconds.